 Dungeon Crawl Stone Soup version 0.30-b1-2-g02819fbbbe (webtiles) character file.

Game seed: 16870630777848315550

114 Fartwhistle the Changer (level 4, -1/28 HPs)
             Began as an Octopode Transmuter on May 25, 2023.
             Succumbed to an orc wizard's poison
             ... on level 2 of the Dungeon.
             The game lasted 00:03:31 (2029 turns).

Fartwhistle the Changer (Octopode Transmuter)       Turns: 2029, Time: 00:03:31

Health: -1/28      AC:  2    Str:  9    XL:     4   Next: 97%
Magic:  6/8        EV: 19    Int: 23    God:
Gold:   91         SH:  0    Dex: 17    Spells: 4/8 levels left

rFire   . .          .
                       - Unarmed
rCold   . . .        (shield currently unavailable)
rNeg    . . .        (helmet currently unavailable)
rPois   x            (no amulet)
rElec   .            l - +6 ring of intelligence
rCorr   .            n - ring of see invisible
SInv    +            (no ring)
Will    .....        (no ring)
Stlth   ++           (no ring)
HPRegen 0.24/turn    (no ring)
MPRegen 0.11/turn    (no ring)
                     (no ring)

%: no passive effects
@: lethally poisoned (-1 -> -44), spider-form
A: venomous fangs, almost no armour, (amphibious), 8 rings, tiny, (camouflage
1), (gelatinous body 1), (nimble swimmer 1), (tentacles)
a: End Transformation


You were on level 2 of the Dungeon.
You were a venomous arachnid creature.
You visited 1 branch of the dungeon, and saw 3 of its levels.

You collected 91 gold pieces.

Inventory:

Missiles
 g - 2 boomerangs
Jewellery
 l - a +6 ring of intelligence (left front pincers)
 n - a ring of see invisible (right front pincers)
Scrolls
 b - 4 scrolls of teleportation {unknown}
 d - a scroll of enchant armour {unknown}
 e - a scroll of fog {unknown}
 f - a scroll of poison {unknown}
 h - a scroll of enchant weapon {unknown}
 j - 3 scrolls of identify {unknown}
Potions
 a - a potion of lignification
 c - 4 potions of haste {unknown}
 i - a potion of attraction {unknown}
 k - a potion of brilliance {unknown}
 m - a potion of ambrosia {unknown}
 o - a potion of magic {unknown}


   Skills:
 - Level 1.2 Fighting
 - Level 2.1 Dodging
 - Level 3.1 Unarmed Combat
 + Level 2.8 Spellcasting
 * Level 3.7 Transmutations
 + Level 1.6 Poison Magic


You had 4 spell levels left.
You knew the following spells:

 Your Spells              Type           Power      Damage    Failure   Level
a - Beastly Appendage     Tmut           40%        N/A       10%         1
b - Spider Form           Tmut/Pois      15%        N/A       28%         3

Your spell library contained the following spells:

 Spells                   Type           Power      Damage    Failure   Level
 Wereblood                Tmut           20%        N/A       12%         2
 Cigotuvi's Dreadful Rot  Necr/Pois/Air  10%        N/A       32%         2
 Ignite Poison            Fire/Tmut/Pois 11%        N/A       36%         3
 Blink                    Tloc           6%         N/A       38%         2
 Lesser Beckoning         Tloc           6%         N/A       38%         2
 Momentum Strike          Conj/Tloc      6%         3d8       38%         2
 Hailstorm                Conj/Ice       3%         3d3       56%         3
 Vhi's Electric Charge    Tloc/Air       6%         N/A       56%         3
 Ice Form                 Ice/Tmut       11%        N/A       69%         4
 Arcjolt                  Conj/Air       1%         1d11      99%         5
 Freezing Cloud           Conj/Ice/Air   1%         6-21      99%         5
 Simulacrum               Ice/Necr       1%         N/A       100%        6
 Ozocubu's Refrigeration  Ice            1%         4d7       100%        7
 Maxwell's Capacitive Co  Air            1%         ∞         100%        8
 Polar Vortex             Ice            1%         N/A       100%        9


Dungeon Overview and Level Annotations

Branches:
Dungeon (3/15)

Altars:
Ru

Annotations:
D:3 exclusion: ogre, Sigmund


Innate Abilities, Weirdness & Mutations

You are a venomous arachnid creature.
You have venomous fangs.
You are tiny and dextrous.
Your spellcasting is less reliable in this form.
Your armour is entirely melded.
You are incapable of wielding weapons or throwing items.
You cannot wear most types of armour.
((You are amphibious.))
You can wear up to eight rings at the same time.
((Your skin changes colour to match your surroundings (Stealth+).))
((Your rubbery body absorbs attacks. (AC +1, EV +1)))
((You are camouflaged when in or above water. (Stealth+)))
((You have tentacles for arms and can constrict up to eight enemies at once.))


Message History

Casting: Spider Form (quite dangerous; 12% risk of failure)
Confirm with . or Enter, or press ? or * to list all spells.
The spell is quite dangerous to miscast (12% risk of failure)!
Continue anyway?
You turn into a venomous arachnid creature.
You climb downwards.
Level annotation: exclusion: ogre, Sigmund The orc misses you.
The orc hits you with a +0 falchion. The orc barely misses you.
There is a stone staircase leading up here.
Unknown command.
The orc closely misses you.
You climb upwards.
There is a stone staircase leading down here.
Unknown command.
You hit the orc wizard but do no damage.
The orc wizard is poisoned.
The orc wizard completely misses you. The orc hits you with a +0 falchion.
You barely miss the orc wizard. The orc wizard misses you.
The orc closely misses you.
You hit the orc wizard but do no damage.
The orc wizard looks as sick as possible!
The orc wizard is lightly wounded.
The orc wizard hits you with a +1 dagger of venom.
You are lethally poisoned!
The orc misses you.
You barely miss the orc wizard.
The orc wizard is lightly wounded.
You feel extremely sick.
The orc wizard hits you with a +1 dagger of venom.
You are more poisoned.
The orc barely misses you.
You are too injured to fight recklessly!
You are too injured to fight recklessly!
You are too injured to fight recklessly!
You are too injured to fight recklessly!
Unknown command.
Unknown command.
You hit the orc wizard but do no damage.
The orc wizard is heavily wounded.
You die...

#### ...# ########### ##### ##.#
#.........# ####...##### .#.#
#.#######.# #....#...... .#.#
#.#######.###.##...##.## ...#
#.................###.# .####
#.###.###.#...........# ....#
#.###.###.##...######### .##.#
#.....oso.###.## #. .##.#
#.....###.# #.# #. .##.# #.#.###
#.# #.# #. ###.# #.#.#####.###'##
#. ....# #.........##...## #.
##### ###.#######.....## #. #
##.## ##.......## ##.
###########...####.....†...####..
.........>...<...+..###'###'.....


You could see an orc wizard (extremely poisoned) and an orc.

Vanquished Creatures
  An orc priest (D:3)
  An orc wizard (D:3)
  2 adders
  A worm (D:3)
  2 dart slugs
  4 orcs
  2 ball pythons (D:1)
  2 bats (D:2)
  6 endoplasms
  A giant cockroach (D:2)
  3 goblins
  2 quokkas
  4 rats (D:2)
31 creatures vanquished.

Notes
Turn   | Place    | Note
-------+----------+-------------------------------------------
     0 | D:1      | Fartwhistle the Octopode Transmuter began the quest for the
                  | Orb.
     0 | D:1      | Reached XP level 1. HP: 13/13 MP: 3/3
   340 | D:1      | Reached XP level 2. HP: 18/18 MP: 5/5
   903 | D:2      | Found a sacrificial altar of Ru.
  1010 | D:2      | Reached XP level 3. HP: 19/23 MP: 6/6
  1014 | D:2      | Learned a level 3 spell: Spider Form
  1032 | D:2      | Found a faded altar of an unknown god.
  1622 | D:3      | Noticed Sigmund
  1668 | D:3      | Noticed an ogre
  1777 | D:3      | Identified the +4 quarterstaff of Execution {drain, rC++
                  | Str-2 Int+2 Dex+2}
  1824 | D:3      | Reached skill level 1 in Poison Magic
  1824 | D:3      | Reached XP level 4. HP: 20/28 MP: 3/8
  2029 | D:2      | Succumbed to an orc wizard's poison

Illustrated notes

Levels and vault maps discovered:
D:1:      minmay_arrival_four_loops, layout_basic
D:2:      layout_loops_corners, basic_ecumenical_altar, basic_altar,
          columned_hall_lemuel, kennysheep_generic_room_13
D:3:      layout_rooms, mainiacjoe_overflow_boulevard,
          mainiacjoe_overflow_alcove_1, patterned_corridor, uniq_sigmund

Skill      XL: |  1  2  3 |
---------------+----------+-----
Transmutations | 3 |  3.7
Poison Magic   | 1 |  1.6
Fighting       | |  1.2
Dodging        | |  2.1
Unarmed Combat | |  3.1
Spellcasting   | |  2.8

Action                     |  1- 3 |  4- 6 || total
---------------------------+-------+-------++-------
  Melee: Unarmed           |    76 |    13 ||    89
         Constrict         |    18 |     1 ||    19
         Tentacles         |    13 |     1 ||    14
         Kick              |     4 |       ||     4
         Punch             |     2 |       ||     2
   Cast: Beastly Appendage |     2 |       ||     2
         Spider Form       |     1 |     2 ||     3
   Stab: Sleeping          |     2 |       ||     2
 Armour: Skin              |     4 |       ||     4
  Dodge: Dodged            |    49 |    17 ||    66
